AoeStats
← Bo Xilai stan

Migration

509288343Analyzed
1v1 RM · 5d ago on Sep 26, 2026· 49m 59s· 2 players
Game mode
Random Map
Map size
132×132
Population
200
Speed
Normal
Resources
Standard
Victory
Conquest
Starting age
Dark Age
Ending age
Imperial Age
RankedLock teamsTeams togetherTeam positionsShared explorationLock speedFull tech treeHidden civsTurbo modeCheats
Victory
Defeat
🇹🇼 Japanese · Taiwan
1028
+16
🇺🇸 Koreans · United States
1030
-16
john.lin
13:23 Feudal Age
12:12 Loom
17:19 Castle Age
15:18 Town Watch
15:27 Fletching
20:07 Bodkin Arrow
31:11 Town Patrol
31:46 Wheelbarrow
39:31 Imperial Age
37:02 Double-Bit Axe
37:01 Horse Collar
39:09 Bow Saw
39:12 Forging
39:39 Gold Mining
40:48 Hand Cart
42:43 Ballistics
43:23 Chemistry
43:36 Iron Casting
43:01 Scale Mail Armor
43:02 Bracer
43:38 Conscription
43:39 Kataparuto
43:59 Hoardings
44:22 Padded Archer Armor
45:22 Blast Furnace
45:02 Heavy Scorpion
46:04 Leather Archer Armor
46:36 Elite Samurai
Bo Xilai stan
7:25 Loom
12:09 Feudal Age
10:28 Loom
13:50 Fishing Lines
15:59 Double-Bit Axe
16:09 Gold Mining
19:50 Man-at-Arms
24:37 Castle Age
23:26 Stone Mining
23:38 Arson
26:25 Long Swordsman
30:42 Fletching
36:51 Town Watch
38:00 Ballistics
40:51 Heated Shot
46:31 Imperial Age
44:04 Town Patrol
44:40 Wheelbarrow
44:48 Squires
49:00 Chemistry
48:03 Cavalier
48:45 Husbandry
Connection lost

Rejoining the realm…

Still unreachable

The connection could not be restored.

Session expired

The server has moved on; the page needs a fresh start.